[Event "18th Charleroi Open-A 2019"]
[Site "Charleroi"]
[Date "2019.07.29"]
[Round "4.30"]
[White "Barbier, Astrid"]
[Black "De Block, Fabio"]
[Result "1/2-1/2"]
[ECO "B13"]
[WhiteElo "1941"]
[BlackElo "2039"]
[Annotator "NA"]
[PlyCount "59"]
[EventDate "2019.07.22"]
[EventType "swiss"]
[EventCountry "BEL"]
[SourceTitle "playchess.com"]
[Source "ChessBase"]
[SourceQuality "1"]
[TimeControl "40/5400+30:1800+30"]

1. e4 c6 2. d4 d5 3. exd5 cxd5 4. Bd3 Nc6 5. c3 Qc7 6. Nf3 Bg4 7. h3 Bh5 8. g4 Bg6 9. Be3 Nf6 10. Nh4 Be4 11. Bxe4 Nxe4 12. Nd2 Nxd2 13. Qxd2 e6 14. Bf4 Bd6 15. Bxd6 Qxd6 16. Ng2 b5 17. Nf4 b4 18. Rc1 O-O 19. O-O a5 20. Ne2 f5 21. Qf4 Qe7 22. g5 e5 23. Qd2 f4 24. h4 Qd6 25. f3 e4 26. fxe4 f3 27. e5 Nxe5 28. dxe5 Qxe5 29. Rf2 fxe2 30. Rg2 1/2-1/2

[Event "18th Charleroi Open-A 2019"]
[Site "Charleroi"]
[Date "2019.07.29"]
[Round "4.32"]
[White "Van Haelst, Raymond"]
[Black "Oupindrin, Narayanin"]
[Result "1/2-1/2"]
[ECO "E11"]
[WhiteElo "1947"]
[BlackElo "2056"]
[Annotator "NA"]
[PlyCount "48"]
[EventDate "2019.07.22"]
[EventType "swiss"]
[EventCountry "BEL"]
[SourceTitle "playchess.com"]
[Source "ChessBase"]
[SourceQuality "1"]
[TimeControl "40/5400+30:1800+30"]

1. d4 Nf6 2. Nf3 e6 3. c4 Bb4+ 4. Nbd2 d5 5. a3 Be7 6. g3 O-O 7. Bg2 b6 8. O-O Bb7 9. Qc2 Nbd7 10. Ne5 c5 11. cxd5 exd5 12. Nxd7 Qxd7 13. dxc5 bxc5 14. b3 Rac8 15. Rd1 Qe6 16. Bb2 Rc7 17. Nf3 Ne4 18. Nd2 f5 19. Nxe4 fxe4 20. e3 Bf6 21. Rac1 Bxb2 22. Qxb2 Rcc8 23. Rd2 Ba6 24. Rcc2 Bb7 1/2-1/2

[Event "18th Charleroi Open-A 2019"]
[Site "Charleroi"]
[Date "2019.07.29"]
[Round "4.33"]
[White "Zamparo, Sergio"]
[Black "Verhalle, Elias"]
[Result "1-0"]
[ECO "C44"]
[WhiteElo "2031"]
[BlackElo "1983"]
[Annotator "NA"]
[PlyCount "93"]
[EventDate "2019.07.22"]
[EventType "swiss"]
[EventCountry "BEL"]
[SourceTitle "playchess.com"]
[Source "ChessBase"]
[SourceQuality "1"]
[TimeControl "40/5400+30:1800+30"]

1. e4 e5 2. Nf3 Nc6 3. c3 Nf6 4. d4 Nxe4 5. d5 Bc5 6. dxc6 Bxf2+ 7. Ke2 Bb6 8. Qd5 Nf2 9. cxb7 Bxb7 10. Qxb7 Nxh1 11. Bg5 f6 12. Bh4 c6 13. g4 a5 14. Nxe5 Ra7 15. Nxc6 dxc6 16. Qxc6+ Rd7 17. Bg2 O-O 18. Bxh1 Re7+ 19. Be4 Rfe8 20. Nd2 Rd7 21. Rd1 Rd6 22. Qc4+ Kh8 23. Qa4 Rde6 24. Bf2 Bxf2 25. Kxf2 Qb6+ 26. Kf3 Qc7 27. Qb5 Qxh2 28. Qh5 Qxh5 29. gxh5 Re5 30. h6 gxh6 31. c4 Rd8 32. Bd5 a4 33. Rg1 Rf5+ 34. Ke4 Re5+ 35. Kd3 Rg5 36. Re1 Rg3+ 37. Re3 Rg2 38. b4 axb3 39. axb3 Rg5 40. Ne4 Rf5 41. b4 h5 42. b5 Rfxd5+ 43. cxd5 Rxd5+ 44. Kc4 Re5 45. b6 f5 46. b7 Re8 47. Nd6 1-0

[Event "18th Charleroi Open-A 2019"]
[Site "Charleroi"]
[Date "2019.07.29"]
[Round "4.34"]
[White "Guion, Geoffrey"]
[Black "Watelet, Sylvain"]
[Result "1-0"]
[ECO "B01"]
[WhiteElo "2006"]
[BlackElo "1961"]
[Annotator "NA"]
[PlyCount "49"]
[EventDate "2019.07.22"]
[EventType "swiss"]
[EventCountry "BEL"]
[SourceTitle "playchess.com"]
[Source "ChessBase"]
[SourceQuality "1"]
[TimeControl "40/5400+30:1800+30"]

1. e4 d5 2. exd5 Qxd5 3. Nc3 Qa5 4. d4 Nf6 5. Bc4 c6 6. Nf3 Bg4 7. O-O e6 8. h3 Bxf3 9. Qxf3 Bd6 10. Ne4 Nxe4 11. Qxe4 Qc7 12. Qg4 O-O 13. Re1 Kh8 14. Bd3 g6 15. Bg5 Be7 16. Bh6 Re8 17. Qf3 Kg8 18. Re4 Nd7 19. Rf4 f5 20. Re1 g5 21. Rxf5 exf5 22. Qxf5 Nf8 23. Bc4+ Kh8 24. Qf7 Ne6 25. Rxe6 1-0

[Event "18th Charleroi Open-A 2019"]
[Site "Charleroi"]
[Date "2019.07.30"]
[Round "5.2"]
[White "Abdullayev, Elshad"]
[Black "Mirzoev, Azer"]
[Result "0-1"]
[ECO "D11"]
[WhiteElo "2204"]
[BlackElo "2474"]
[Annotator "ChessBase"]
[PlyCount "116"]
[EventDate "2019.07.22"]
[EventType "swiss"]
[EventCountry "BEL"]
[SourceTitle "playchess.com"]
[Source "ChessBase"]
[SourceQuality "1"]
[TimeControl "40/5400+30:1800+30"]

1. Nf3 d5 2. d4 c6 3. e3 Bg4 4. c4 e6 5. Nc3 Nd7 6. Bd3 Ngf6 7. h3 Bh5 8. O-O Be7 9. b3 O-O 10. Bb2 Re8 11. e4 dxe4 12. Nxe4 Nxe4 13. Bxe4 Nf6 14. Bc2 a5 15. Qe2 Qc7 16. Qe3 Bg6 17. Bxg6 hxg6 18. Ne5 a4 19. Qf3 Red8 20. g4 Bd6 21. Rfe1 c5 22. dxc5 Bxc5 23. Rad1 axb3 24. axb3 g5 25. Kg2 Bb4 26. Rxd8+ Rxd8 27. Rd1 Rxd1 28. Qxd1 Bd6 29. Qd4 Bc5 30. Qd3 Qb6 31. Qf3 Bd6 32. h4 Bxe5 33. Bxe5 Nd7 34. Bg3 gxh4 35. Bxh4 Ne5 36. Qe4 Ng6 37. Bg3 Qxb3 38. f4 Qb2+ 39. Kh3 Nf8 40. f5 Qb6 41. Bf4 Qc6 42. Qxc6 bxc6 43. Bc7 g6 44. fxg6 f6 45. Kg3 Kg7 46. Kf4 Nd7 47. Ke4 Kxg6 48. Bf4 Nc5+ 49. Kd4 e5+ 50. Bxe5 Nb3+ 51. Ke4 fxe5 52. Kxe5 Kg5 53. c5 Kxg4 54. Kd6 Nd4 55. Ke5 Nb5 56. Ke4 Kg3 57. Ke3 Kg2 58. Ke2 Kg1 0-1

[Event "18th Charleroi Open-A 2019"]
[Site "Charleroi"]
[Date "2019.07.30"]
[Round "5.3"]
[White "Gutenev, Alexander"]
[Black "De Waele, Warre"]
[Result "1-0"]
[ECO "C84"]
[WhiteElo "2470"]
[BlackElo "2225"]
[Annotator "ChessBase"]
[PlyCount "45"]
[EventDate "2019.07.22"]
[EventType "swiss"]
[EventCountry "BEL"]
[SourceTitle "playchess.com"]
[Source "ChessBase"]
[SourceQuality "1"]
[TimeControl "40/5400+30:1800+30"]

1. e4 e5 2. Nf3 Nc6 3. Bb5 a6 4. Ba4 Nf6 5. O-O Be7 6. d3 b5 7. Bb3 O-O 8. Nc3 d6 9. a3 Bg4 10. Be3 Nd4 11. Bxd4 exd4 12. Nd5 Nxd5 13. Bxd5 Rc8 14. h3 Bd7 15. Nd2 c6 16. Bb3 Re8 17. a4 Bf6 18. f4 c5 19. Qh5 g6 20. Bxf7+ Kxf7 21. Qxh7+ Kf8 22. e5 Bg7 23. Ne4 1-0

[Event "18th Charleroi Open-A 2019"]
[Site "Charleroi"]
[Date "2019.07.30"]
[Round "5.4"]
[White "Miezis, Normunds"]
[Black "Gijsen, Stief"]
[Result "1-0"]
[ECO "A29"]
[WhiteElo "2495"]
[BlackElo "2227"]
[Annotator "ChessBase"]
[PlyCount "93"]
[EventDate "2019.07.22"]
[EventType "swiss"]
[EventCountry "BEL"]
[SourceTitle "playchess.com"]
[Source "ChessBase"]
[SourceQuality "1"]
[TimeControl "40/5400+30:1800+30"]

1. c4 e5 2. g3 Nf6 3. Bg2 d5 4. cxd5 Nxd5 5. Nc3 Nb6 6. Nf3 Nc6 7. Rb1 a5 8. O-O Be7 9. b3 O-O 10. Bb2 Bg4 11. d3 Qd7 12. Na4 Nxa4 13. bxa4 Qe6 14. Qb3 Qxb3 15. axb3 f6 16. Rfc1 Rac8 17. h3 Bh5 18. g4 Bf7 19. Nd2 Bb4 20. Nc4 Rcd8 21. Bxc6 bxc6 22. Bc3 Bxc4 23. Bxb4 Bxd3 24. Bxf8 Bxb1 25. Bxg7 Kxg7 26. Rxb1 Rb8 27. Kg2 Kg6 28. e3 f5 29. Kg3 fxg4 30. hxg4 c5 31. Rc1 Rb6 32. b4 Rxb4 33. Rc4 Rb3 34. Rxc5 Ra3 35. Rxe5 Rxa4 36. Rc5 Ra2 37. Rc6+ Kg7 38. Rxc7+ Kg6 39. f4 a4 40. f5+ Kh6 41. Ra7 a3 42. Kf4 Rf2+ 43. Ke5 a2 44. Kf6 Rg2 45. e4 a1=Q+ 46. Rxa1 Rg1 47. g5+ 1-0

[Event "18th Charleroi Open-A 2019"]
[Site "Charleroi"]
[Date "2019.07.30"]
[Round "5.5"]
[White "Maerevoet, Sim"]
[Black "Verheyen, Olivier"]
[Result "1-0"]
[ECO "E70"]
[WhiteElo "2321"]
[BlackElo "2200"]
[Annotator "NA"]
[PlyCount "61"]
[EventDate "2019.07.22"]
[EventType "swiss"]
[EventCountry "BEL"]
[SourceTitle "playchess.com"]
[Source "ChessBase"]
[SourceQuality "1"]
[TimeControl "40/5400+30:1800+30"]

1. d4 Nf6 2. c4 g6 3. Nc3 Bg7 4. e4 d6 5. Bd3 O-O 6. Nge2 e5 7. d5 Nh5 8. O-O f5 9. exf5 gxf5 10. f3 a5 11. a3 Rf7 12. Be3 Qf8 13. Qd2 Nd7 14. Rad1 Nc5 15. Bc2 Bd7 16. b4 axb4 17. axb4 Na4 18. Ra1 Nxc3 19. Nxc3 Rxa1 20. Re1 Rb1 21. Rxb1 e4 22. Ra1 Nf6 23. f4 Nh5 24. h3 Nf6 25. Bb3 Ne8 26. c5 Bf6 27. Ra8 Kg7 28. Rb8 Kg6 29. Rxb7 Qg7 30. Ne2 Re7 31. c6 1-0

[Event "18th Charleroi Open-A 2019"]
[Site "Charleroi"]
[Date "2019.07.30"]
[Round "5.6"]
[White "Faybish, Nimrod"]
[Black "Capone, Nicola"]
[Result "0-1"]
[ECO "D91"]
[WhiteElo "2220"]
[BlackElo "2297"]
[Annotator "NA"]
[PlyCount "85"]
[EventDate "2019.07.22"]
[EventType "swiss"]
[EventCountry "BEL"]
[SourceTitle "playchess.com"]
[Source "ChessBase"]
[SourceQuality "1"]
[TimeControl "40/5400+30:1800+30"]

1. d4 Nf6 2. c4 g6 3. Nc3 d5 4. Bg5 Bg7 5. Nf3 Ne4 6. Bh4 Nxc3 7. bxc3 dxc4 8. e3 b5 9. a4 c6 10. e4 O-O 11. Be2 a6 12. O-O Bb7 13. Qd2 Re8 14. Rad1 Nd7 15. e5 f6 16. Bg3 c5 17. d5 Nxe5 18. Nxe5 fxe5 19. Bf3 Qd6 20. Qb2 b4 21. a5 Rab8 22. Qe2 Bc8 23. Qxc4 Bd7 24. Rfe1 Rb5 25. cxb4 cxb4 26. Rb1 Reb8 27. Qb3 Rc8 28. h4 Rc3 29. Qb2 Bf5 30. Ra1 Bf6 31. Be4 Kg7 32. f3 Bxe4 33. Rxe4 Qxd5 34. Bf2 Rc4 35. Qe2 Rxe4 36. fxe4 Qc6 37. h5 b3 38. Be3 Kf7 39. Rb1 Qxe4 40. Rb2 Qd5 41. Rd2 Qd4 42. Rd3 Qxd3 43. Bd2 0-1

[Event "18th Charleroi Open-A 2019"]
[Site "Charleroi"]
[Date "2019.07.30"]
[Round "5.7"]
[White "Klinova, Masha"]
[Black "Huynh, Laurent"]
[Result "1/2-1/2"]
[ECO "C54"]
[WhiteElo "2269"]
[BlackElo "2111"]
[Annotator "NA"]
[PlyCount "140"]
[EventDate "2019.07.22"]
[EventType "swiss"]
[EventCountry "BEL"]
[SourceTitle "playchess.com"]
[Source "ChessBase"]
[SourceQuality "1"]
[TimeControl "40/5400+30:1800+30"]

1. e4 e5 2. Nf3 Nc6 3. Bc4 Bc5 4. d3 Nf6 5. O-O a6 6. Bb3 Ba7 7. c3 d6 8. Be3 O-O 9. Nbd2 h6 10. h3 Ne7 11. d4 Ng6 12. Re1 Re8 13. a4 Bd7 14. a5 Qc8 15. Nh2 Be6 16. Bxe6 Qxe6 17. d5 Qd7 18. Ng4 Nxg4 19. Qxg4 Qxg4 20. hxg4 Nf4 21. Bxa7 Rxa7 22. Re3 g5 23. g3 Ng6 24. c4 Nf8 25. b4 Nd7 26. Nb3 b6 27. Rc3 Rb8 28. Kg2 Kg7 29. axb6 cxb6 30. Kf3 Rc8 31. Ke3 Rac7 32. Nd2 Nb8 33. Kd3 Kf6 34. Nf1 a5 35. bxa5 b5 36. Nd2 Na6 37. Rb1 b4 38. Rc2 b3 39. Rcb2 Nc5+ 40. Ke3 Rb8 41. a6 Ra7 42. Nxb3 Na4 43. Rc2 Rxa6 44. Rcc1 Rab6 45. Nd2 Nc5 46. Rxb6 Rxb6 47. Rb1 Ra6 48. Rb2 Kg6 49. f3 h5 50. gxh5+ Kxh5 51. g4+ Kg6 52. Nb1 Kf6 53. Kd2 Ke7 54. Nc3 Ra3 55. Kc2 Ra1 56. Rb1 Ra3 57. Rb5 Ra1 58. Nb1 Ra2+ 59. Rb2 Ra4 60. Nd2 Kd7 61. Kc3 Ra3+ 62. Kc2 Ra4 63. Kb1 Ra3 64. Ra2 Rc3 65. Kb2 Re3 66. Kc2 Nd3 67. Ra7+ Ke8 68. Ra8+ Ke7 69. Ra7+ Ke8 70. Ra8+ Ke7 1/2-1/2

[Event "18th Charleroi Open-A 2019"]
[Site "Charleroi"]
[Date "2019.07.30"]
[Round "5.8"]
[White "Hoffmeister, Frank"]
[Black "Ghyselen, Wouter"]
[Result "1/2-1/2"]
[ECO "A88"]
[WhiteElo "2187"]
[BlackElo "2078"]
[Annotator "NA"]
[PlyCount "66"]
[EventDate "2019.07.22"]
[EventType "swiss"]
[EventCountry "BEL"]
[SourceTitle "playchess.com"]
[Source "ChessBase"]
[SourceQuality "1"]
[TimeControl "40/5400+30:1800+30"]

1. d4 f5 2. g3 Nf6 3. Bg2 g6 4. Nf3 Bg7 5. c4 O-O 6. O-O d6 7. Nc3 c6 8. d5 Bd7 9. Be3 Na6 10. Rc1 c5 11. Qd2 Nc7 12. Bh6 Rb8 13. Bxg7 Kxg7 14. e4 fxe4 15. Ng5 b5 16. b3 bxc4 17. bxc4 Rb4 18. Ncxe4 h6 19. Nxf6 exf6 20. Ne4 Bc8 21. a3 Ra4 22. Qc3 Ba6 23. Qb3 Ra5 24. Rfe1 Na8 25. Bf1 Nb6 26. Re3 Ra4 27. Nd2 Re8 28. Rce1 Rxe3 29. Rxe3 Kf7 30. Qc3 Bc8 31. Bd3 f5 32. Bc2 Ra6 33. Qb3 Bd7 1/2-1/2

[Event "18th Charleroi Open-A 2019"]
[Site "Charleroi"]
[Date "2019.07.30"]
[Round "5.9"]
[White "Van Malder, Dries"]
[Black "Butzen, Robin"]
[Result "1/2-1/2"]
[ECO "B51"]
[WhiteElo "2178"]
[BlackElo "1967"]
[Annotator "ChessBase"]
[PlyCount "94"]
[EventDate "2019.07.22"]
[EventType "swiss"]
[EventCountry "BEL"]
[SourceTitle "playchess.com"]
[Source "ChessBase"]
[SourceQuality "1"]
[TimeControl "40/5400+30:1800+30"]

1. e4 c5 2. Nf3 d6 3. Bb5+ Nd7 4. c3 a6 5. Ba4 Ngf6 6. Qe2 b5 7. Bc2 Bb7 8. d4 g6 9. O-O Bg7 10. Re1 e5 11. a4 b4 12. dxe5 dxe5 13. Rd1 Qc7 14. Nbd2 bxc3 15. bxc3 a5 16. Rb1 O-O 17. Nc4 Ba6 18. Bd3 Rfd8 19. Bg5 h6 20. Bxf6 Bxf6 21. Ne3 Bb7 22. Qc2 Rab8 23. Rb2 Nb6 24. Rdb1 Ba8 25. h3 Bg5 26. Nc4 Nxc4 27. Rxb8 Rxb8 28. Rxb8+ Qxb8 29. Bxc4 Bc6 30. Qa2 Bxe4 31. Bxf7+ Kg7 32. Nxg5 hxg5 33. Qc4 Qd6 34. Qxe4 Kxf7 35. Qb7+ Kf6 36. Qb5 Qc7 37. Qa6+ Kg7 38. Qe6 Kh6 39. Qg8 g4 40. h4 Qg7 41. Qxg7+ Kxg7 42. Kh2 Kf6 43. Kg3 Kf5 44. f3 gxf3 45. Kxf3 e4+ 46. Ke3 c4 47. Kd4 Kf4 1/2-1/2

[Event "18th Charleroi Open-A 2019"]
[Site "Charleroi"]
[Date "2019.07.30"]
[Round "5.10"]
[White "Godry, Clement"]
[Black "Dauw, Sterre"]
[Result "0-1"]
[ECO "B38"]
[WhiteElo "1962"]
[BlackElo "2148"]
[Annotator "NA"]
[PlyCount "46"]
[EventDate "2019.07.22"]
[EventType "swiss"]
[EventCountry "BEL"]
[SourceTitle "playchess.com"]
[Source "ChessBase"]
[SourceQuality "1"]
[TimeControl "40/5400+30:1800+30"]

1. c4 c5 2. Nc3 Nf6 3. Nf3 Nc6 4. d4 cxd4 5. Nxd4 g6 6. e4 d6 7. Be2 Bg7 8. Be3 O-O 9. O-O Nd7 10. Qd2 Nxd4 11. Bxd4 Bxd4 12. Qxd4 Qb6 13. Qd2 a5 14. Nd5 Qd8 15. Qg5 Re8 16. f4 Nf6 17. Bf3 Nxd5 18. cxd5 Qb6+ 19. Rf2 Bd7 20. g3 Rac8 21. Kg2 Bh3+ 22. Kxh3 Qxf2 23. Bd1 Qxb2 0-1

[Event "18th Charleroi Open-A 2019"]
[Site "Charleroi"]
[Date "2019.07.30"]
[Round "5.11"]
[White "De Villers, Mourad"]
[Black "Ramacker, Quinten"]
[Result "1-0"]
[ECO "A37"]
[WhiteElo "2140"]
[BlackElo "2006"]
[Annotator "NA"]
[PlyCount "47"]
[EventDate "2019.07.22"]
[EventType "swiss"]
[EventCountry "BEL"]
[SourceTitle "playchess.com"]
[Source "ChessBase"]
[SourceQuality "1"]
[TimeControl "40/5400+30:1800+30"]

1. c4 c5 2. g3 g6 3. Bg2 Bg7 4. Nc3 Nc6 5. Nf3 d6 6. O-O Nh6 7. d4 cxd4 8. Bxh6 Bxh6 9. Nxd4 Nxd4 10. Qxd4 O-O 11. c5 Bg7 12. Qe3 dxc5 13. Qxc5 Bd4 14. Qa3 e6 15. Rfd1 Qb6 16. Na4 Bxf2+ 17. Kf1 Qe3 18. Rd3 Qh6 19. Kxf2 b5 20. Nc5 f5 21. Kg1 f4 22. Bxa8 fxg3 23. Rxg3 Qf4 24. Qe3 1-0

[Event "18th Charleroi Open-A 2019"]
[Site "Charleroi"]
[Date "2019.07.30"]
[Round "5.12"]
[White "Werner, Ivan"]
[Black "Vernimmen, Pierre"]
[Result "1-0"]
[ECO "B87"]
[WhiteElo "2129"]
[BlackElo "1911"]
[Annotator "NA"]
[PlyCount "51"]
[EventDate "2019.07.22"]
[EventType "swiss"]
[EventCountry "BEL"]
[SourceTitle "playchess.com"]
[Source "ChessBase"]
[SourceQuality "1"]
[TimeControl "40/5400+30:1800+30"]

1. e4 c5 2. Nf3 d6 3. d4 cxd4 4. Nxd4 Nf6 5. Nc3 a6 6. Bc4 e6 7. O-O b5 8. Bb3 Be7 9. f4 O-O 10. Be3 b4 11. Na4 Nxe4 12. Nf5 exf5 13. Qd5 Nc6 14. Qxc6 Bd7 15. Qb7 Rb8 16. Qa7 Ra8 17. Qd4 Bb5 18. Rfd1 Qe8 19. Nb6 Bf6 20. Qxb4 a5 21. Qa3 Nc3 22. Re1 Qxe3+ 23. Rxe3 Bd4 24. Nxa8 Bxe3+ 25. Kh1 Ne4 26. Bxf7+ 1-0

[Event "18th Charleroi Open-A 2019"]
[Site "Charleroi"]
[Date "2019.07.30"]
[Round "5.13"]
[White "Vanden Bussche, Steven"]
[Black "Anciaux, Marc"]
[Result "0-1"]
[ECO "A14"]
[WhiteElo "2061"]
[BlackElo "2120"]
[Annotator "NA"]
[PlyCount "86"]
[EventDate "2019.07.22"]
[EventType "swiss"]
[EventCountry "BEL"]
[SourceTitle "playchess.com"]
[Source "ChessBase"]
[SourceQuality "1"]
[TimeControl "40/5400+30:1800+30"]

1. c4 Nf6 2. g3 e6 3. Bg2 d5 4. Nf3 Be7 5. O-O O-O 6. b3 c5 7. Bb2 Nc6 8. e3 b6 9. d3 Bb7 10. Nbd2 Qc7 11. Qe2 Rad8 12. cxd5 Nxd5 13. Nc4 Bf6 14. Bxf6 Nxf6 15. Rac1 e5 16. Rfd1 Rfe8 17. a3 Qe7 18. Qc2 h6 19. Nh4 g6 20. Nd2 Na5 21. Nhf3 e4 22. dxe4 Nxe4 23. Nxe4 Bxe4 24. Qc3 Qe6 25. b4 Nb3 26. Rxd8 Rxd8 27. Re1 Qd5 28. Nh4 Bxg2 29. Nxg2 Nd2 30. Kh1 Ne4 31. Qb2 c4 32. f3 Nd2 33. Qf6 Rd6 34. Qf4 g5 35. Qg4 Qxf3 36. Qxf3 Nxf3 37. Rc1 c3 38. Rxc3 Rd1+ 39. Ne1 Nxe1 40. Rc7 Rd2 41. Kg1 Nf3+ 42. Kf1 Nxh2+ 43. Ke1 Nf3+ 0-1

[Event "18th Charleroi Open-A 2019"]
[Site "Charleroi"]
[Date "2019.07.30"]
[Round "5.14"]
[White "Roels, Frederik"]
[Black "Sclacmender, Julien"]
[Result "1/2-1/2"]
[ECO "E62"]
[WhiteElo "1944"]
[BlackElo "2269"]
[Annotator "NA"]
[PlyCount "105"]
[EventDate "2019.07.22"]
[EventType "swiss"]
[EventCountry "BEL"]
[SourceTitle "playchess.com"]
[Source "ChessBase"]
[SourceQuality "1"]
[TimeControl "40/5400+30:1800+30"]

1. d4 Nf6 2. Nf3 g6 3. g3 Bg7 4. Bg2 O-O 5. O-O d6 6. c4 c6 7. Nc3 a6 8. a4 a5 9. b3 Na6 10. Bb2 Qb6 11. e3 Bf5 12. Ba3 Nb4 13. Ne1 e5 14. Rc1 Rfe8 15. Bxb4 Qxb4 16. e4 Bg4 17. f3 Bc8 18. d5 Bh6 19. Rc2 cxd5 20. Nb5 Qc5+ 21. Kh1 d4 22. Nd3 Qb6 23. c5 dxc5 24. Rxc5 Nd7 25. Rc7 Nf8 26. Rc5 Nd7 27. Rc7 Nf8 28. Rc5 Ne6 29. Rxe5 Bd7 30. Nb2 Bc6 31. Nc4 Qd8 32. Rd5 Bxd5 33. exd5 Qxd5 34. Nb6 Qc5 35. Nxa8 Rxa8 36. f4 Rd8 37. f5 gxf5 38. Qh5 Bg7 39. Rxf5 Qe7 40. Na3 d3 41. Nc4 Nd4 42. Rf1 Nxb3 43. Bd5 Rf8 44. Qf5 Nc5 45. Nxa5 b6 46. Nc4 Qd7 47. Qxd7 Nxd7 48. Rd1 Nc5 49. Nxb6 Rd8 50. a5 Bd4 51. Kg2 Ne6 52. Bxe6 Bxb6 53. Bxf7+ 1/2-1/2

[Event "18th Charleroi Open-A 2019"]
[Site "Charleroi"]
[Date "2019.07.30"]
[Round "5.17"]
[White "Miulescu, Gabriel"]
[Black "Goormachtigh, Johan"]
[Result "0-1"]
[ECO "B48"]
[WhiteElo "2020"]
[BlackElo "2164"]
[Annotator "NA"]
[PlyCount "46"]
[EventDate "2019.07.22"]
[EventType "swiss"]
[EventCountry "BEL"]
[SourceTitle "playchess.com"]
[Source "ChessBase"]
[SourceQuality "1"]
[TimeControl "40/5400+30:1800+30"]

1. e4 c5 2. Nf3 e6 3. d4 cxd4 4. Nxd4 Nc6 5. Nc3 Qc7 6. Be3 a6 7. Qd2 Nf6 8. O-O-O Bb4 9. f3 O-O 10. g4 b5 11. g5 Nh5 12. a3 Be7 13. Be2 Nxd4 14. Qxd4 Nf4 15. h4 Rd8 16. Rdg1 Qxc3 17. Qxc3 Nxe2+ 18. Kd2 Nxc3 19. Kxc3 d5 20. e5 d4+ 21. Bxd4 Bb7 22. Rh3 Rac8+ 23. Kd3 Rxd4+ 0-1

[Event "18th Charleroi Open-A 2019"]
[Site "Charleroi"]
[Date "2019.07.30"]
[Round "5.18"]
[White "Lacroix, Bruno"]
[Black "De Weird, Matthias"]
[Result "1-0"]
[ECO "E61"]
[WhiteElo "2152"]
[BlackElo "2009"]
[Annotator "NA"]
[PlyCount "111"]
[EventDate "2019.07.22"]
[EventType "swiss"]
[EventCountry "BEL"]
[SourceTitle "playchess.com"]
[Source "ChessBase"]
[SourceQuality "1"]
[TimeControl "40/5400+30:1800+30"]

1. c4 g6 2. d4 Bg7 3. Nf3 d6 4. Nc3 Nf6 5. e3 O-O 6. Be2 c5 7. O-O Nbd7 8. d5 a6 9. h3 Ne8 10. e4 e5 11. dxe6 fxe6 12. Bg5 Ndf6 13. e5 Bd7 14. exf6 Bxf6 15. Bh6 Rf7 16. Qd2 Bc6 17. Ng5 Re7 18. Nge4 Rf7 19. Nxf6+ Qxf6 20. Bg5 Qe5 21. Qe3 Rf5 22. Qxe5 Rxe5 23. Be3 Rd8 24. Rad1 b6 25. g4 g5 26. Rd3 d5 27. f4 Rxe3 28. Rxe3 d4 29. Rd3 gxf4 30. Bf3 Bxf3 31. Rfxf3 e5 32. Ne4 Nd6 33. Nxd6 Rxd6 34. Rd1 Kg7 35. Rf2 Kf6 36. Re2 b5 37. b3 bxc4 38. bxc4 h5 39. Kf2 hxg4 40. hxg4 Rb6 41. Kf3 Rb4 42. Rc2 Ra4 43. Rd3 Kg5 44. Ke4 Rb4 45. Kxe5 Rb8 46. Kd5 Kxg4 47. Rg2+ Kf5 48. Kxc5 Ke4 49. Rxd4+ Ke3 50. Rdd2 f3 51. Rgf2 Rc8+ 52. Kb4 a5+ 53. Kc3 Rh8 54. Rh2 Rf8 55. Rd3+ Ke4 56. Rf2 {[%emt 0:56:17] Kd5} 1-0

[Event "18th Charleroi Open-A 2019"]
[Site "Charleroi"]
[Date "2019.07.30"]
[Round "5.19"]
[White "Van Dijck, Bjarne"]
[Black "Duhayon, Yves"]
[Result "0-1"]
[ECO "C56"]
[WhiteElo "2053"]
[BlackElo "2132"]
[Annotator "RC"]
[PlyCount "98"]
[EventDate "2019.07.22"]
[EventType "swiss"]
[EventCountry "BEL"]
[SourceTitle "playchess.com"]
[Source "ChessBase"]
[SourceQuality "1"]
[TimeControl "40/5400+30:1800+30"]

1. e4 e5 2. Nf3 Nc6 3. Bc4 Nf6 4. d4 exd4 5. O-O Nxe4 6. Re1 d5 7. Bxd5 Qxd5 8. Nc3 Qh5 9. Nxe4 Be6 10. Bg5 Bd6 11. h4 h6 12. Nxd6+ cxd6 13. Bf4 g5 14. Bg3 gxh4 15. Nxh4 Qg5 16. Nf3 Qd5 17. c3 Kd7 18. Nxd4 Nxd4 19. Qxd4 Qxd4 20. cxd4 Bd5 21. Re3 Rhe8 22. b3 a5 23. Rae1 Re6 24. Bf4 h5 25. f3 a4 26. Kf2 axb3 27. axb3 Ra2+ 28. R3e2 Rexe2+ 29. Rxe2 Rxe2+ 30. Kxe2 Bxb3 31. Kd3 d5 32. Kc3 Bc4 33. Be5 Bf1 34. g3 Bg2 35. f4 Ke6 36. Kd2 Be4 37. Bc7 b5 38. Ba5 Kf5 39. Ke3 Kg4 40. Kf2 h4 41. gxh4 Kxf4 42. Bb4 Bg6 43. Ke2 Ke4 44. Bc5 Bh5+ 45. Kf2 f5 46. Kg3 f4+ 47. Kf2 f3 48. Bb6 b4 49. Ba5 b3 0-1

[Event "18th Charleroi Open-A 2019"]
[Site "Charleroi"]
[Date "2019.07.30"]
[Round "5.20"]
[White "Bruno, Ricardo"]
[Black "Roger, Mehdi"]
[Result "0-1"]
[ECO "C11"]
[WhiteElo "2007"]
[BlackElo "2125"]
[Annotator "NA"]
[PlyCount "89"]
[EventDate "2019.07.22"]
[EventType "swiss"]
[EventCountry "BEL"]
[SourceTitle "playchess.com"]
[Source "ChessBase"]
[SourceQuality "1"]
[TimeControl "40/5400+30:1800+30"]

1. e4 e6 2. d4 d5 3. Nc3 Nf6 4. e5 Nfd7 5. f4 c5 6. Nf3 Nc6 7. Be3 Be7 8. Qd2 O-O 9. Be2 b6 10. O-O f5 11. Nb5 a6 12. Nd6 Bxd6 13. exd6 Nf6 14. c4 Qxd6 15. cxd5 exd5 16. dxc5 bxc5 17. Qc2 d4 18. Bc4+ Be6 19. Bd2 Ne4 20. Bxe6+ Qxe6 21. Ng5 Qd5 22. Rac1 d3 23. Qd1 Nd4 24. Kh1 Ne2 25. Ra1 Rf6 26. Nxe4 fxe4 27. Be3 Rh6 28. f5 Rh5 29. g4 Rh4 30. Rf2 Qe5 31. Qb3+ Kh8 32. Qb7 Rf8 33. f6 gxf6 34. g5 f5 35. Qb6 Kg8 36. Bxc5 e3 37. Rg2 Qe4 38. Qb3+ Qc4 39. Bxe3 Kg7 40. Rd1 Qe4 41. Bf2 Rg4 42. Bg3 Nxg3+ 43. hxg3 Rxg3 44. Qc3+ Kg6 45. Qd2 0-1

[Event "18th Charleroi Open-A 2019"]
[Site "Charleroi"]
[Date "2019.07.30"]
[Round "5.22"]
[White "Roos, David"]
[Black "Van Doren, Bas"]
[Result "0-1"]
[ECO "B42"]
[WhiteElo "2114"]
[BlackElo "1976"]
[Annotator "NA"]
[PlyCount "66"]
[EventDate "2019.07.22"]
[EventType "swiss"]
[EventCountry "BEL"]
[SourceTitle "playchess.com"]
[Source "ChessBase"]
[SourceQuality "1"]
[TimeControl "40/5400+30:1800+30"]

1. e4 c5 2. Nf3 e6 3. d4 cxd4 4. Nxd4 a6 5. Bd3 Bc5 6. Nb3 Ba7 7. O-O Nc6 8. Qg4 Qf6 9. Qg3 Nge7 10. Kh1 Qg6 11. Bf4 O-O 12. Qh4 e5 13. Bxe5 Nxe5 14. Qxe7 Qh5 15. f4 Ng4 16. h3 Nf2+ 17. Kh2 d5 18. Qg5 Qxg5 19. fxg5 dxe4 20. Be2 Bf5 21. Nc3 Rfd8 22. Na4 e3 23. c4 Bd3 24. Rae1 Ne4 25. Bxd3 Rxd3 26. c5 Bb8+ 27. Kg1 Bg3 28. Nc1 Bf2+ 29. Kh2 Rd2 30. Nb6 Rad8 31. Nc4 Bg3+ 32. Kg1 Bxe1 33. Rxe1 Rd1 0-1